 Dungeon Crawl Stone Soup version 0.25.0-26-g0c896c7088 (webtiles) character file.

Game seed: 8576638593224507196

179 Herczeg the Magician (level 5, -2/37 HPs)
             Began as a Gnoll Wizard on July 5, 2020.
             Was an Initiate of Vehumet.
             Killed from afar by Natasha (7 damage)
             ... with a magic dart
             ... on level 3 of the Dungeon.
             The game lasted 00:25:52 (4162 turns).

Herczeg the Magician (Gnoll Wizard)                 Turns: 4162, Time: 00:25:52

Health: -2/37      AC:  3    Str: 10    XL:     5   Next: 59%
Magic:  6/14       EV: 14    Int: 21    God:    Vehumet [......]
Gold:   119        SH:  0    Dex: 13    Spells: 11/18 levels left

rFire    . . .     SeeInvis .   c - +0 dagger
rCold    . . .     Gourm    .   (no shield)
rNeg     . . .     Faith    .   a - +0 robe
rPois    .         Spirit   .   b - +0 hat
rElec    .         Reflect  .   f - +0 cloak
rCorr    .         Harm     .   (no gloves)
MR       .....                  (no boots)
Stlth    +++.......             (no amulet)
HPRegen  0.12/turn              (no ring)
MPRegen  0.14/turn              (no ring)

@: no status effects
A: distributed training, fangs 1, strong nose
a: Renounce Religion


You were on level 3 of the Dungeon.
You worshipped Vehumet.
Vehumet was noncommittal.
You were not hungry.

You visited 1 branch of the dungeon, and saw 3 of its levels.

You collected 119 gold pieces.

Inventory:

Hand Weapons
 c - a +0 dagger (weapon)
Armour
 a - a +0 robe (worn)
 b - a +0 hat (worn)
 f - a +0 cloak (worn)
Jewellery
 i - an uncursed amulet of reflection {unknown}
 n - a +6 ring of dexterity {unknown}
 q - an uncursed ring of protection from magic {unknown}
Scrolls
 e - 2 scrolls of identify {unknown}
 g - a scroll of noise {unknown}
 h - a scroll of blinking {unknown}
 j - a scroll of remove curse {unknown}
 l - 2 scrolls of amnesia {unknown}
 m - a scroll of random uselessness {unknown}
 o - a scroll of teleportation {unknown}
Potions
 k - a potion of heal wounds {unknown}
 p - 2 potions of degeneration {unknown}
Comestibles
 d - 3 rations


   Skills:
 + Level 1.5 Fighting
 + Level 1.5 Short Blades
 + Level 1.5 Long Blades
 + Level 1.5 Axes
 + Level 1.5 Maces & Flails
 + Level 1.5 Polearms
 + Level 1.5 Staves
 + Level 1.5 Slings
 + Level 1.5 Bows
 + Level 1.5 Crossbows
 + Level 1.5 Throwing
 + Level 1.5 Armour
 + Level 4.8 Dodging
 + Level 4.4 Stealth
 + Level 1.5 Shields
 + Level 1.5 Unarmed Combat
 + Level 7.3 Spellcasting
 + Level 2.4 Conjurations
 + Level 1.2 Hexes
 + Level 1.2 Charms
 + Level 2.4 Summonings
 + Level 1.2 Necromancy
 + Level 2.4 Translocations
 + Level 1.2 Transmutations
 + Level 1.2 Fire Magic
 + Level 1.2 Ice Magic
 + Level 1.2 Air Magic
 + Level 1.2 Earth Magic
 + Level 1.2 Poison Magic
 + Level 1.7 Invocations
 + Level 1.5 Evocations


You had 11 spell levels left.
You knew the following spells:

 Your Spells              Type           Power        Failure   Level  Hunger
a - Magic Dart            Conj           ###.         3%          1    None
b - Blink                 Tloc           N/A          4%          2    None
c - Call Imp              Summ           ###.....     4%          2    None
d - Slow                  Hex            ##......     8%          2    None

Your spell library contained the following spells:

 Spells                   Type           Power        Failure   Level  Hunger
 Conjure Flame            Conj/Fire      ###.....     12%         3    None
 Mephitic Cloud           Conj/Pois/Air  ##......     13%         3    None


Dungeon Overview and Level Annotations

Branches:
Dungeon (3/15)

Altars:
Cheibriados
Gozag
Hepliaklqana
Trog
Uskayaw
Vehumet

Annotations:
D:3 Natasha


Innate Abilities, Weirdness & Mutations

Your experience applies equally to all skills.
You have very sharp teeth.
Your uncanny sense of smell can sniff out nearby items.


Message History

The magic dart hits Natasha.
Natasha is almost dead.
Natasha claws you!
You completely miss Natasha. Your bite misses Natasha.
Natasha is almost dead.
Natasha howls an incantation.
Natasha glows brightly for a moment.
Natasha stares at you and mumbles some strange words.
The magic dart hits you!
* * * LOW HITPOINT WARNING * * *
Casting: Magic Dart (safe; 3% risk of failure)
Confirm with . or Enter, or press ? or * to list all spells.
You blink.
Casting: Blink (safe; 4% risk of failure)
Confirm with . or Enter, or press ? or * to list all spells.
A beastly little devil appears in a puff of frigid air.
Your white imp misses Natasha.
Natasha completely misses you.
Natasha stares at you and mumbles some strange words.
The magic dart hits you!
You die...

###........## #####..
#........#.# ##......
#...##.###.######.......
#..>...###.#(.).....##..
#..........)..###.รท.#..<
#...#####..######......)
#...# #.h5.# #........ ##.##
#.#.## #......#. ###.# #@#.#
#........ ##...####.#.#
###....#.#.
###..###....#>####..........
#.....##.####....#..........
#.....##.####.............#.
#.....##.##.................
#...........................
#...........................
#.....##.#.#......)....##...


You could see Natasha.

Vanquished Creatures
  Natasha (D:3)
  3 adders
  An ooze (D:2)
  A worm (D:2)
  4 dart slugs
  A leopard gecko (D:2)
  2 giant cockroaches
  11 hobgoblins
  6 kobolds
  2 quokkas
  A ball python (D:2)
  6 bats
  4 frilled lizards
  A giant cockroach zombie (D:2)
  4 goblins
  13 rats
61 creatures vanquished.

Vanquished Creatures (collateral kills)
  A crimson imp (D:2)
  An orc priest (D:3)
  Natasha (D:3)
  A worm (D:2)
  2 orcs (D:3)
  A giant cockroach (D:2)
  A goblin (D:2)
  4 hobgoblins (D:2)
  2 jackals (D:2)
  5 kobolds (D:2)
  A rat (D:2)
20 creatures vanquished.

Grand Total: 81 creatures vanquished

Notes
Turn   | Place    | Note
-------+----------+-------------------------------------------
     0 | D:1      | Herczeg the Gnoll Wizard began the quest for the Orb.
     0 | D:1      | Reached XP level 1. HP: 13/13 MP: 8/8
   245 | D:1      | Reached XP level 2. HP: 19/19 MP: 7/10
   445 | D:1      | Learned a level 2 spell: Blink
   448 | D:1      | Learned a level 2 spell: Call Imp
   451 | D:1      | Learned a level 2 spell: Slow
   778 | D:1      | Reached XP level 3. HP: 25/25 MP: 8/11
  1029 | D:2      | Reached skill level 1 in Invocations
  1103 | D:2      | Found an opulent altar of Gozag.
  1254 | D:2      | Found a bloodstained altar of Trog.
  1310 | D:2      | Reached skill level 1 in Fighting
  1310 | D:2      | Reached skill level 1 in Short Blades
  1310 | D:2      | Reached skill level 1 in Long Blades
  1310 | D:2      | Reached skill level 1 in Axes
  1310 | D:2      | Reached skill level 1 in Maces & Flails
  1310 | D:2      | Reached skill level 1 in Polearms
  1310 | D:2      | Reached skill level 1 in Staves
  1310 | D:2      | Reached skill level 1 in Slings
  1310 | D:2      | Reached skill level 1 in Bows
  1310 | D:2      | Reached skill level 1 in Crossbows
  1310 | D:2      | Reached skill level 1 in Throwing
  1310 | D:2      | Reached skill level 1 in Armour
  1310 | D:2      | Reached skill level 1 in Shields
  1310 | D:2      | Reached skill level 1 in Unarmed Combat
  1310 | D:2      | Reached skill level 1 in Evocations
  1579 | D:2      | Reached XP level 4. HP: 29/32 MP: 3/13
  1842 | D:2      | Found a snail-covered altar of Cheibriados.
  2220 | D:2      | Reached skill level 1 in Hexes
  2220 | D:2      | Reached skill level 1 in Charms
  2220 | D:2      | Reached skill level 1 in Necromancy
  2220 | D:2      | Reached skill level 1 in Transmutations
  2220 | D:2      | Reached skill level 1 in Fire Magic
  2220 | D:2      | Reached skill level 1 in Ice Magic
  2220 | D:2      | Reached skill level 1 in Air Magic
  2220 | D:2      | Reached skill level 1 in Earth Magic
  2220 | D:2      | Reached skill level 1 in Poison Magic
  3074 | D:3      | Found a hide-covered altar of Uskayaw.
  3074 | D:3      | Found a radiant altar of Vehumet.
  3089 | D:3      | Became a worshipper of Vehumet
  3258 | D:3      | Found a hazy altar of Hepliaklqana.
  3284 | D:3      | Reached XP level 5. HP: 37/37 MP: 8/14
  3543 | D:3      | Noticed Natasha
  3569 | D:3      | Killed Natasha
  3782 | D:3      | Noticed Natasha
  3791 | D:3      | Killed Natasha
  4150 | D:3      | Noticed Natasha
  4162 | D:3      | Killed from afar by Natasha

Illustrated notes

Levels and vault maps discovered:
D:1:      lightli_arrival_statue_moat, layout_loops_ring
D:2:      cheibrodos_old_hovel, layout_loops_corners, grunt_gozag_breadcrumbs,
          marbit_many_paths, trog_hazing_becter
D:3:      layout_rooms, lemuel_doored_altar, gammafunk_temple_overflow_pools,
          first_ration, minmay_misc_feat_plants, uniq_natasha

Skill      XL: |  1  2  3  4 |
---------------+-------------+-----
Conjurations   | 2 |  2.4
Summonings     | 2 |  2.4
Translocations | 2 |  2.4
Invocations    | 1 |  1.7
Fighting       | 1 |  1.5
Short Blades   | 1 |  1.5
Long Blades    | 1 |  1.5
Axes           | 1 |  1.5
Maces & Flails | 1 |  1.5
Polearms       | 1 |  1.5
Staves         | 1 |  1.5
Slings         | 1 |  1.5
Bows           | 1 |  1.5
Crossbows      | 1 |  1.5
Throwing       | 1 |  1.5
Armour         | 1 |  1.5
Shields        | 1 |  1.5
Unarmed Combat | 1 |  1.5
Evocations     | 1 |  1.5
Hexes          | 1 |  1.2
Charms         | 1 |  1.2
Necromancy     | 1 |  1.2
Transmutations | 1 |  1.2
Fire Magic     | 1 |  1.2
Ice Magic      | 1 |  1.2
Air Magic      | 1 |  1.2
Earth Magic    | 1 |  1.2
Poison Magic   | 1 |  1.2
Dodging        | |  4.8
Stealth        | |  4.4
Spellcasting   | |  7.3

Action                   |  1- 3 |  4- 6 || total
-------------------------+-------+-------++-------
Melee: Unarmed           |     2 |       ||     2
       Dagger            |    13 |    29 ||    42
       Bite              |       |     2 ||     2
 Cast: Magic Dart        |    74 |    88 ||   162
       Call Imp          |    11 |    23 ||    34
       Blink             |       |     1 ||     1
 Stab: Distracted        |       |     1 ||     1
  Eat: Chunk             |     2 |     8 ||    10
Armor: Robe              |     4 |     6 ||    10
Dodge: Dodged            |    35 |    26 ||    61
